 Dungeon Crawl Stone Soup version 0.29-a0-919-gd064cfad1c (webtiles) character file.

Game seed: 12724953832311247487

2411 xian the Spear-Bearer (level 9, 0/78 HPs)
             Began as a Black Draconian Berserker on July 27, 2022.
             Was a Priest of Trog.
             Succumbed to a water moccasin's poison
             ... on level 7 of the Dungeon.
             The game lasted 00:16:24 (5341 turns).

xian the Spear-Bearer (Black Draconian Berserker)   Turns: 5341, Time: 00:16:24

Health: 0/78       AC: 10    Str: 22    XL:     9   Next: 23%
Magic:  9/9        EV: 14    Int:  8    God:    Trog [***...]
Gold:   367        SH:  0    Dex: 12    Spells: 8/8 levels left

rFire   . . .      SeeInvis .   a - +0 spear
rCold   . . .      Faith    .   (no shield)
rNeg    . . .      Spirit   .   (body armour unavailable)
rPois   .          Reflect  .   (helmet restricted)
rElec   +          Harm     .   h - +1 cloak
rCorr   .          Rampage  +   (no gloves)
Will    .....                   c - +0 pair of boots
Stlth   ++........              l - amulet of Equilibrium {Acrobat Rampage Fly Slay+2}
HPRegen 0.23/turn               (no ring)
MPRegen 0.11/turn               (no ring)

@: lethally poisoned (0 -> -1), on berserk cooldown, flying, hasted and slowed
A: breathe lightning, AC +7, unfitting armour, electricity resistance,
cold-blooded
a: Breathe Lightning, Renounce Religion, Berserk, Trog's Hand


You were on level 7 of the Dungeon.
You worshipped Trog.
Trog was most pleased with you.
You visited 1 branch of the dungeon, and saw 7 of its levels.

You collected 367 gold pieces.

Inventory:

Hand Weapons
 a - a +0 spear (weapon)
 r - a +3 antimagic dagger
Missiles
 f - 13 boomerangs (quivered)
Armour
 c - a +0 pair of boots (worn)
 h - a +1 cloak (worn)
Jewellery
 l - the amulet of Equilibrium (around neck) {Acrobat Rampage Fly Slay+2}
   (You found it on level 3 of the Dungeon)

   [amulet of the acrobat]

   It increases your evasion while moving and waiting.
   Slay:      It affects your accuracy & damage with ranged weapons and melee
   (+2).
   Fly:       It grants you flight.
   Rampage:   It bestows one free step when moving towards enemies.
 t - an amulet of reflection
Wands
 w - a wand of acid (9)
 x - a wand of mindburst (18)
Scrolls
 d - 4 scrolls of immolation
 g - a scroll of blinking
 k - 3 scrolls of magic mapping {unknown}
 m - 4 scrolls of teleportation
 p - a scroll of butterflies {unknown}
 q - a scroll of enchant weapon {unknown}
 u - a scroll of identify
Potions
 b - a potion of might {unknown}
 e - a potion of cancellation {unknown}
 i - 2 potions of heal wounds {unknown}
 j - a potion of ambrosia {unknown}
 n - a potion of curing {unknown}
 o - a potion of haste
 s - 2 potions of mutation {unknown}
 v - a potion of flight {unknown}


   Skills:
 + Level 6.4 Fighting
 + Level 8.6 Polearms
 + Level 1.5 Throwing
 + Level 6.7 Dodging
 + Level 3.6 Stealth


You had 8 spell levels left.
You didn't know any spells.
Your spell library contained the following spells:

 Spells                   Type           Power      Damage    Failure   Level
 Ensorcelled Hibernation  Hex/Ice        0%         N/A       54%         2
 Passwall                 Tmut/Erth      0%         N/A       54%         2
 Sublimation of Blood     Necr           0%         N/A       54%         2
 Ozocubu's Armour         Ice            0%         N/A       78%         3
 Swiftness                Air            0%         N/A       78%         3
 Petrify                  Tmut/Erth      0%         N/A       99%         4
 Irradiate                Conj/Tmut      0%         3d11      100%        5
 Ozocubu's Refrigeration  Ice            0%         4d5       100%        7


Dungeon Overview and Level Annotations

Branches:
Dungeon (7/15)             Temple (0/1) D:4

Altars:
Fedhas
Kikubaaqudgha
Xom
The Shining One


Innate Abilities, Weirdness & Mutations

You can breathe wild blasts of lightning.
Your glossy black scales are hard. (AC +7)
You cannot fit into any form of body armour.
You are resistant to electric shocks. (rElec)
You are cold-blooded and may be slowed by cold attacks.


Message History

You feel sick.
An orc priest comes into view. It is wielding a +0 mace.
You feel sick.
The orc priest shouts!
A shadow imp comes into view.
Found a dagger.
You feel a strong urge to attack something.
You feel sick.
The shadow imp shouts, "Scamper home, thou peaked toot-wallowing baggage!"
The shadow imp shouts, "Get thee hence, thou qualling moldwarp canker-blossom!"
The orc priest calls down the wrath of Beogh upon you.
You struggle to resist.
A bullfrog comes into view.
You feel sick.
The bullfrog croaks.
You feel your anger nearly subside.
You are no longer berserk.
You are exhausted.
You feel yourself slow down.
You feel sick.
The orc priest mumbles some strange prayers to Beogh against you.
You struggle to resist.
You closely miss the shadow imp.
You feel sick. The shadow imp gestures at you.
You struggle to resist.
You barely miss the shadow imp.
You feel sick. The shadow imp hits you.
* * * LOW HITPOINT WARNING * * *
You hit the shadow imp.
The shadow imp is moderately wounded.
You feel sick. The shadow imp closely misses you.
You hit the shadow imp but do no damage.
The shadow imp is moderately wounded.
You feel sick.
The shadow imp shouts, "Remove thy stench, thou goatish motley-minded skainsmate!"
The shadow imp gestures at you. Pain shoots through your body!
* * * LOW HITPOINT WARNING * * *
The orc priest closely misses you.
A bullfrog comes into view.
Unknown command.
It was a potion of haste.
You feel yourself speed up.
You die...

# ##'## ###.# .#
##...## #.... #.#
##.....###.#.# #
..###.......##.#.#.##
####.........#.#....##
)))'......)..)..)....#
#####.......)#.##...##
#.......##.###.###..
##[....###..@......#
##...## #Fo.5####F.
##+## #.?###).. #.##
##..# #. .# .. # ..#
.#.


You could see 2 bullfrogs, an orc priest and a shadow imp.

Vanquished Creatures
  A steam dragon (D:6)
  Duvessa (D:5)
  2 water moccasins (D:7)
  A black bear (D:5)
  An ice beast (D:7)
  A sky beast (D:7)
  2 ogres (D:6)
  2 centaurs (D:7)
  3 scorpions
  8 wights (D:6)
  Dowan (D:5)
  A howler monkey (D:6)
  4 hounds
  2 jellies
  2 orc priests (D:6)
  2 gnoll boudas
  3 iguanas
  2 orc wizards
  7 adders
  8 gnolls
  2 white imps (D:7)
  3 worms
  A dart slug (D:1)
  16 orcs
  5 bats
  6 endoplasms
  3 giant cockroaches
  12 goblins
  6 hobgoblins
  9 jackals
  3 quokkas
  13 ball pythons
  7 frilled lizards
  8 kobolds
  7 rats
155 creatures vanquished.

Vanquished Creatures (others)
  16 plants (D:7)
16 creatures vanquished.

Grand Total: 171 creatures vanquished

Notes
Turn   | Place    | Note
-------+----------+-------------------------------------------
     0 | D:1      | xian the Draconian Berserker began the quest for the Orb.
     0 | D:1      | Reached XP level 1. HP: 19/19 MP: 1/1
   281 | D:1      | Reached XP level 2. HP: 26/26 MP: 2/2
   405 | D:1      | Found a faded altar of an unknown god.
   428 | D:1      | Reached XP level 3. HP: 33/33 MP: 3/3
   652 | D:2      | Reached ** piety under Trog
   901 | D:2      | Reached XP level 4. HP: 35/40 MP: 2/4
   937 | D:2      | Found an ancient bone altar of Kikubaaqudgha.
  1095 | D:2      | Reached skill level 1 in Throwing
  1633 | D:3      | Found a shimmering altar of Xom.
  1633 | D:3      | Found a shimmering altar of Xom.
  1634 | D:3      | Found a shimmering altar of Xom.
  1634 | D:3      | Found a shimmering altar of Xom.
  1740 | D:3      | Found a shimmering altar of Xom.
  1740 | D:3      | Found a shimmering altar of Xom.
  1818 | D:3      | Identified the amulet of Equilibrium {Acrobat Rampage Fly
                  | Slay+2}
  2335 | D:4      | Reached XP level 5. HP: 44/46 MP: 5/5
  2362 | D:4      | Reached *** piety under Trog
  2434 | D:4      | Reached skill level 4 in Polearms
  2542 | D:4      | Reached skill level 1 in Stealth
  2583 | D:4      | Found a staircase to the Ecumenical Temple.
  2765 | D:4      | Reached XP level 6. HP: 53/53 MP: 6/6
  3041 | D:5      | Entered Level 5 of the Dungeon
  3172 | D:5      | Reached skill level 5 in Polearms
  3365 | D:5      | Noticed Dowan
  3370 | D:5      | Noticed Duvessa
  3376 | D:5      | Killed Duvessa
  3377 | D:5      | Your scales start taking on a glossy black colour.
  3377 | D:5      | Reached XP level 7. HP: 60/60 MP: 7/7
  3377 | D:5      | Gained mutation: You are resistant to electric shocks.
                  | (rElec) [Black Draconian growth]
  3382 | D:5      | Killed Dowan
  3696 | D:6      | Reached skill level 6 in Polearms
  3696 | D:6      | Reached skill level 5 in Dodging
  3701 | D:6      | Noticed a steam dragon
  3706 | D:6      | Killed a steam dragon
  3707 | D:6      | Reached skill level 5 in Fighting
  3715 | D:6      | Reached XP level 8. HP: 41/68 MP: 3/8
  3731 | D:6      | Reached skill level 7 in Polearms
  3744 | D:6      | HP: 1/68 [bounced beam (7)]
  3762 | D:6      | HP: 2/68 [gnoll/+0 club[a gnoll bouda] (3)]
  4720 | D:6      | Found a blossoming altar of Fedhas.
  4956 | D:7      | Reached skill level 8 in Polearms
  4956 | D:7      | Found a glowing golden altar of the Shining One.
  5304 | D:7      | Reached XP level 9. HP: 45/71 MP: 9/9
  5340 | D:7      | HP: 1/78 [shadow imp/nerve-wracking pain (8)]
  5341 | D:7      | Succumbed to a water moccasin's poison

Illustrated notes

Levels and vault maps discovered:
D:1:      matt_arrival_refuge, layout_rooms,
          hellmonk_ecumenical_altar_pennies_from_heaven
D:2:      layout_rooms, basic_altar
D:3:      layout_basic, xom_redecorated
D:4:      layout_basic, minmay_temple_entry_offerings
D:5:      layout_rooms, corexii_hall_statues_i, due_unseen_surprise,
          uniq_duvessa
D:6:      layout_rooms, mainiacjoe_overflow_alcove_4
D:7:      minmay_klotski, layout_loops_corners, mainiacjoe_overflow_chevrons,
          minmay_alternating_orb

Skill      XL: |  1  2  3  4  5  6  7  8 |
---------------+-------------------------+-----
Dodging        | 3 4 5 6 |  6.7
Fighting       | 4 5 6 |  6.4
Throwing       | 1 |  1.5
Polearms       | 4 5 6 8 |  8.6
Stealth        | 1 2 3 |  3.6

Action                   |  1- 3 |  4- 6 |  7- 9 || total
-------------------------+-------+-------+-------++-------
Melee: Spear             |    84 |   223 |   166 ||   473
       Tailslap          |    12 |    26 |    28 ||    66
       Punch             |     1 |     3 |     2 ||     6
Throw: Boomerang         |    11 |       |     5 ||    16
Invok: Berserk           |     3 |     3 |     6 ||    12
 Abil: Breathe Lightning |       |       |    11 ||    11
  Use: Scroll            |     6 |     5 |     3 ||    14
       Potion            |       |       |     1 ||     1
 Stab: Sleeping          |     1 |     5 |       ||     6
Armor: Skin              |    17 |    86 |    40 ||   143
Dodge: Dodged            |    72 |   185 |   128 ||   385

Table legend: (Time is in decaauts)
 A = Elapsed time spent in this place.
 B = Non-inter-level travel time spent in this place.
 C = Inter-level travel time spent in this place.
 D = Time resting spent in this place.
 E = Time spent auto-exploring this place.
 F = Levels seen in this place.
 G = Mean time per level.
                   A        B        C        D        E       F      G
               +--------+--------+--------+--------+--------+-----+--------+
         Total |   5373 |   5252 |    121 |    567 |   3247 |   7 |  767.6 |
       Dungeon |   5373 |   5252 |    121 |    567 |   3247 |   7 |  767.6 |
               +--------+--------+--------+--------+--------+-----+--------+

Top non-repeatable levels by time:
     D:5: 941 daAuts
     D:2: 939 daAuts
     D:6: 880 daAuts
     D:4: 732 daAuts
     D:3: 731 daAuts
     D:1: 658 daAuts
     D:7: 490 daAuts
